 Dungeon Crawl Stone Soup version 0.27.0-1-g7a089689b8 (webtiles) character file.

Game seed: 13048431897782583422

4 RepHenryClay the Chucker (level 1, 0/17 HPs)
             Began as a Gnoll Wanderer on Aug 4, 2021.
             Frozen to death by an endoplasm (3 damage)
             ... on level 1 of the Dungeon.
             The game lasted 00:00:33 (64 turns).

RepHenryClay the Chucker (Gnoll Wanderer)             Turns: 64, Time: 00:00:34

Health: 0/17       AC:  2    Str:  8    XL:     1   Next: 60%
Magic:  4/4        EV: 11    Int: 13    God:
Gold:   22         SH:  0    Dex: 12    Spells: 5/5 levels left

rFire    . . .     SeeInvis .   a - +2 short sword
rCold    . . .     Faith    .   (no shield)
rNeg     . . .     Spirit   .   e - +0 robe
rPois    .         Reflect  .   (no helmet)
rElec    .         Harm     .   (no cloak)
rCorr    .         Rampage  .   (no gloves)
Will     .....                  (no boots)
Stlth    ++........             (no amulet)
HPRegen  0.05/turn              (no ring)
MPRegen  0.09/turn              (no ring)

@: no status effects
A: fangs 1, strong nose, distributed training
a: no special abilities


You were on level 1 of the Dungeon.
You visited 1 branch of the dungeon, and saw 1 of its levels.

You collected 22 gold pieces.

Inventory:

Hand Weapons
 a - a +2 short sword (weapon)
 b - a +0 spear
 d - a +0 dagger
Missiles
 c - 12 poisoned darts (quivered)
Armour
 e - a +0 robe (worn)


   Skills:
 + Level 2.4 Fighting
 + Level 4.4 Short Blades
 + Level 0.1 Long Blades
 + Level 0.1 Axes
 + Level 0.1 Maces & Flails
 + Level 0.1 Polearms
 + Level 0.1 Staves
 + Level 0.1 Slings
 + Level 0.1 Bows
 + Level 0.1 Crossbows
 + Level 4.4 Throwing
 + Level 0.1 Armour
 + Level 0.1 Dodging
 + Level 4.0 Stealth
 + Level 0.1 Shields
 + Level 0.1 Unarmed Combat
 + Level 2.6 Spellcasting
 + Level 0.1 Conjurations
 + Level 0.1 Hexes
 + Level 0.1 Summonings
 + Level 0.1 Necromancy
 + Level 0.1 Translocations
 + Level 0.1 Transmutations
 + Level 0.1 Fire Magic
 + Level 3.6 Ice Magic
 + Level 0.1 Air Magic
 + Level 0.1 Earth Magic
 + Level 0.1 Poison Magic
 + Level 0.2 Invocations
 + Level 0.1 Evocations


You had 5 spell levels left.
You didn't know any spells.
Your spell library was empty.

Dungeon Overview and Level Annotations

Branches:
Dungeon (1/15)

Altars:


Innate Abilities, Weirdness & Mutations

You have very sharp teeth.
Your uncanny sense of smell can sniff out nearby items.
Your experience applies equally to all skills.


Message History

An endoplasm comes into view.
The quokka barely misses you. The quokka completely misses you.
You hit the quokka.
The quokka is moderately wounded.
The quokka closely misses you.
You completely miss the quokka.
The quokka is moderately wounded.
The quokka barely misses you.
You hit the quokka.
The quokka is heavily wounded.
The endoplasm quivers.
The quokka bites you.
You hit the quokka.
The quokka is severely wounded.
The quokka barely misses you.
You hit the quokka.
The quokka is almost dead.
The quokka bites you.
You miss the quokka.
The quokka is almost dead.
The quokka bites you.
You puncture the quokka!
You kill the quokka!
Unknown command.
The endoplasm freezes you.
You are frozen.
* * * LOW HITPOINT WARNING * * *
You hit the endoplasm.
The endoplasm is lightly wounded.
The endoplasm barely misses you.
You hit the endoplasm.
You bite the endoplasm, but do no damage.
The endoplasm is moderately wounded.
The endoplasm jiggles.
The endoplasm freezes you.
You are frozen.
* * * LOW HITPOINT WARNING * * *
The endoplasm freezes you.
You are frozen.
You die...

#........'.........+
#[#...####.........#
#.#...# ##.......# #
#.#.# ##.....##
#.#.# ##...## #.#.#
##'## #.#.# #.# ..#
#.# ########@##
.........J#
######......#
##...#.# #......#
#####.... ..$.. ####


You could see an endoplasm.

Vanquished Creatures
  A hobgoblin (D:1)
  A quokka (D:1)
  A ball python (D:1)
  A rat (D:1)
4 creatures vanquished.

Notes
Turn   | Place    | Note
-------+----------+-------------------------------------------
     0 | D:1      | RepHenryClay the Gnoll Wanderer began the quest for the
                  | Orb.
     0 | D:1      | RepHenryClay set off with the following items: a +2 short
                  | sword, a +0 spear, 12 poisoned darts, a +0 dagger, a +0
                  | robe
     0 | D:1      | Reached XP level 1. HP: 17/17 MP: 4/4
    64 | D:1      | Frozen to death by an endoplasm

Illustrated notes

Levels and vault maps discovered:
D:1:      scummos_arrival_hexagon, layout_loops_corners, serial_shops,
          nicolae_shop_temple_entry_statues_fountains, minmay_tromino_mix6

Action                   || total
-------------------------++-------
Melee: Short sword       ||    13
       Bite              ||     1
Dodge: Dodged            ||     9
